 Dungeon Crawl Stone Soup version 0.27-a0-156-gbcd94eb011 (webtiles) character file.

Game seed: 16594427546041383740

392 snetch the Chiller (level 6, -2/47 HPs)
             Began as a Gnoll Wanderer on Jan 26, 2021.
             Was a Follower of Sif Muna.
             Killed by nerve-wracking pain
             ... invoked by Grinder
              (10 damage)
             ... on level 4 of the Dungeon on Jan 27, 2021.
             The game lasted 00:19:58 (3848 turns).

snetch the Chiller (Gnoll Wanderer)                 Turns: 3848, Time: 00:19:59

Health: -2/47      AC:  5    Str:  9    XL:     6   Next: 81%
Magic:  9/9        EV: 11    Int: 11    God:    Sif Muna [*.....]
Gold:   219        SH:  0    Dex: 16    Spells: 8/9 levels left

rFire    . . .     SeeInvis .   a - +3 hand axe
rCold    . . .     Faith    .   (no shield)
rNeg     . . .     Spirit   .   j - -2 ring mail (curse)
rPois    .         Reflect  .   u - +0 helmet
rElec    .         Harm     .   (no cloak)
rCorr    .         Rampage  .   (no gloves)
Will     .....                  g - +0 pair of boots
Stlth    +.........             (no amulet)
HPRegen  0.15/turn              (no ring)
MPRegen  0.11/turn              (no ring)

@: brilliant
A: distributed training, fangs 1, strong nose
a: Renounce Religion, Channel Magic


You were on level 4 of the Dungeon.
You worshipped Sif Muna.
Sif Muna was aware of your devotion.
You visited 2 branches of the dungeon, and saw 5 of its levels.

You collected 219 gold pieces.

Inventory:

Hand Weapons
 a - a +3 hand axe (weapon)
 b - a +0 hunting sling
 c - a +2 whip of freezing
 d - a +0 trident
Missiles
 f - 161 stones
 i - 45 bolts
 l - 33 arrows
 s - 14 poisoned darts
 D - 26 sling bullets
 E - 5 silver boomerangs
Armour
 g - a +0 pair of boots (worn)
 j - a cursed -2 ring mail (worn)
 u - a +0 helmet (worn)
 z - a +0 chain mail
 A - a +0 leather armour
 B - a +0 robe
Wands
 e - a wand of enslavement (15)
 r - a wand of polymorph (7)
Scrolls
 h - 6 scrolls of identify {unknown}
 o - 2 scrolls of teleportation {unknown}
 q - a scroll of amnesia {unknown}
 t - 2 scrolls of enchant armour {unknown}
 y - a scroll of blinking {unknown}
 C - a scroll of magic mapping {unknown}
 F - a scroll of noise {unknown}
 G - a scroll of enchant weapon {unknown}
Potions
 k - a potion of magic {unknown}
 m - 2 potions of brilliance
 n - 2 potions of flight {unknown}
 p - 2 potions of lignification {unknown}
 v - a potion of berserk rage {unknown}
 w - 3 potions of curing {unknown}
 x - a potion of heal wounds {unknown}


   Skills:
 + Level 3.3 Fighting
 + Level 2.1 Short Blades
 + Level 2.1 Long Blades
 + Level 2.1 Axes
 + Level 2.1 Maces & Flails
 + Level 2.1 Polearms
 + Level 2.1 Staves
 + Level 2.1 Slings
 + Level 2.1 Bows
 + Level 5.0 Crossbows
 + Level 2.1 Throwing
 + Level 2.1 Armour
 + Level 2.1 Dodging
 + Level 2.1 Stealth
 + Level 3.3 Shields
 + Level 2.1 Unarmed Combat
 + Level 2.1 Spellcasting
 + Level 1.6 Conjurations
 + Level 1.6 Hexes
 + Level 1.6 Summonings
 + Level 1.6 Necromancy
 + Level 1.6 Translocations
 + Level 1.6 Transmutations
 + Level 1.6 Fire Magic
 + Level 7.3 Ice Magic
 + Level 1.6 Air Magic
 + Level 1.6 Earth Magic
 + Level 2.7 Poison Magic
 + Level 2.3 Invocations
 + Level 3.3 Evocations


You had 8 spell levels left.
You knew the following spells:

 Your Spells              Type           Power        Failure   Level
a - Freeze                Ice            100%         3%          1

Your spell library contained the following spells:

 Spells                   Type           Power        Failure   Level
 Frozen Ramparts          Ice            50%          12%         3
 Sandblast                Erth           14%          36%         1
 Stone Arrow              Conj/Erth      14%          75%         3


Dungeon Overview and Level Annotations

Branches:
Dungeon (4/15)             Temple (1/1) D:4

Altars:
Cheibriados
Dithmenos
Elyvilon
Fedhas
Hepliaklqana
Kikubaaqudgha
Makhleb
Okawaru
Qazlal
Sif Muna
Trog
Uskayaw
Vehumet
Xom
Yredelemnul
Zin

Annotations:
D:4 Grinder


Innate Abilities, Weirdness & Mutations

Your experience applies equally to all skills.
You have very sharp teeth.
Your uncanny sense of smell can sniff out nearby items.


Message History

Grinder comes into view.
You are too injured to fight recklessly!
The centaur shoots an arrow.
The arrow hits you.
* * * LOW HITPOINT WARNING * * *
a - a +3 hand axe (weapon)
It was a potion of brilliance.
You feel clever all of a sudden.
This spell is dangerous to cast!
Memorise Frozen Ramparts, consuming 3 spell levels and leaving 5?
The centaur shoots an arrow.
Your memorisation is interrupted.
The arrow barely misses you.
The centaur shoots an arrow.
The arrow barely misses you.
The centaur unwields a +0 shortbow.
The centaur hits you.
* * * LOW HITPOINT WARNING * * *
You hit the centaur.
The centaur is heavily wounded.
The centaur barely misses you. Grinder gestures at you.
Pain shoots through your body!
You die...

######### ........#####
........†...#
..#####.###.#
....##.###.##############
..##....c.................
.(.....5.@...####.########
..>..#.##...# #.# #
(.......##...####.###### #
5....(..##.............###
#.##.#.###...####.####.#..
...........###...# #.8
#####.###.........# # #..
#. ##..###...# #.#.8 #.
#..# ##### #.#..


You could see Grinder and a centaur.

Vanquished Creatures
  A black bear (D:3)
  A scorpion (D:4)
  An orc wizard (D:4)
  2 worker ants
  Robin (D:2)
  8 adders
  An ooze (D:3)
  A worm (D:2)
  A dart slug (D:1)
  3 leopard geckos
  11 orcs
  7 bats
  3 giant cockroaches
  13 goblins
  7 hobgoblins
  2 jackals (D:3)
  2 quokkas
  2 frilled lizards
  7 kobolds
  2 rats (D:2)
76 creatures vanquished.

Notes
Turn   | Place    | Note
-------+----------+-------------------------------------------
     0 | D:1      | snetch the Gnoll Wanderer began the quest for the Orb.
     0 | D:1      | snetch set off with the following items: a +0 dagger, a +0
                  | robe, a wand of enslavement (15); and the following spells
                  | available to memorise: Freeze, Frozen Ramparts, Sandblast,
                  | Stone Arrow
     0 | D:1      | Reached XP level 1. HP: 17/17 MP: 1/1
   229 | D:1      | Reached XP level 2. HP: 20/23 MP: 2/2
   457 | D:1      | Learned a level 1 spell: Freeze
  1017 | D:1      | Reached XP level 3. HP: 25/28 MP: 0/3
  1548 | D:2      | Reached skill level 1 in Invocations
  1660 | D:2      | Reached skill level 1 in Short Blades
  1660 | D:2      | Reached skill level 1 in Long Blades
  1660 | D:2      | Reached skill level 1 in Axes
  1660 | D:2      | Reached skill level 1 in Maces & Flails
  1660 | D:2      | Reached skill level 1 in Polearms
  1660 | D:2      | Reached skill level 1 in Staves
  1660 | D:2      | Reached skill level 1 in Slings
  1660 | D:2      | Reached skill level 1 in Bows
  1660 | D:2      | Reached skill level 1 in Throwing
  1660 | D:2      | Reached skill level 1 in Armour
  1660 | D:2      | Reached skill level 1 in Dodging
  1660 | D:2      | Reached skill level 1 in Stealth
  1660 | D:2      | Reached skill level 1 in Unarmed Combat
  1660 | D:2      | Reached skill level 1 in Spellcasting
  1665 | D:2      | Reached XP level 4. HP: 34/34 MP: 5/5
  1743 | D:2      | Reached skill level 1 in Conjurations
  1743 | D:2      | Reached skill level 1 in Hexes
  1743 | D:2      | Reached skill level 1 in Summonings
  1743 | D:2      | Reached skill level 1 in Necromancy
  1743 | D:2      | Reached skill level 1 in Translocations
  1743 | D:2      | Reached skill level 1 in Transmutations
  1743 | D:2      | Reached skill level 1 in Fire Magic
  1743 | D:2      | Reached skill level 1 in Air Magic
  1743 | D:2      | Reached skill level 1 in Earth Magic
  1790 | D:2      | Found a blossoming altar of Fedhas.
  1791 | D:2      | Found an ancient bone altar of Kikubaaqudgha.
  2105 | D:2      | Noticed Robin
  2114 | D:2      | Reached XP level 5. HP: 39/40 MP: 4/6
  2117 | D:2      | Killed Robin
  2468 | D:2      | Found a shimmering blue altar of Sif Muna.
  2471 | D:2      | Became a worshipper of Sif Muna the Loreminder
  2782 | D:3      | Noticed a black bear
  2794 | D:3      | Killed a black bear
  2795 | D:3      | Reached XP level 6. HP: 31/47 MP: 4/8
  3145 | D:3      | Found a basalt altar of Yredelemnul.
  3288 | D:3      | Found a basalt altar of Yredelemnul.
  3450 | D:4      | Found a staircase to the Ecumenical Temple.
  3460 | D:4      | Reached skill level 5 in Crossbows
  3505 | D:4      | Reached * piety under Sif Muna
  3554 | Temple   | Entered the Ecumenical Temple
  3703 | D:4      | Upgraded the game from 0.27-a0-148-g9515ab555c to
                  | 0.27-a0-156-gbcd94eb011
  3838 | D:4      | Noticed Grinder
  3848 | D:4      | Killed from afar by Grinder

Illustrated notes

Levels and vault maps discovered:
D:1:      saegor_arrival_simple_b, layout_loops_cross
D:2:      layout_basic, grunt_temple_overflow_growth_and_decay,
          lemuel_blue_sif_altar, chequers_serial_rivers_room_a,
          hangedman_decor_lopped, minmay_misc_feat_encased, uniq_robin
D:3:      layout_rooms, nicolae_overflow_crystal_walls, amcnicky_altar_gilded
D:4:      layout_loops_ring, minmay_temple_entry_drinking_statues, serial_shops,
          nicolae_shop_statue_plus, minmay_starry_boxes, uniq_blork_the_orc,
          uniq_grinder
Temple:   hc_temple_tempest_star

Skill      XL: |  1  2  3  4  5  6 |
---------------+-------------------+-----
Poison Magic   | 2 |  2.7
Invocations    | 1 2 |  2.3
Short Blades   | 1 2 |  2.1
Long Blades    | 1 2 |  2.1
Axes           | 1 2 |  2.1
Maces & Flails | 1 2 |  2.1
Polearms       | 1 2 |  2.1
Staves         | 1 2 |  2.1
Slings         | 1 2 |  2.1
Bows           | 1 2 |  2.1
Throwing       | 1 2 |  2.1
Armour         | 1 2 |  2.1
Dodging        | 1 2 |  2.1
Stealth        | 1 2 |  2.1
Unarmed Combat | 1 2 |  2.1
Spellcasting   | 1 2 |  2.1
Conjurations   | 1 |  1.6
Hexes          | 1 |  1.6
Summonings     | 1 |  1.6
Necromancy     | 1 |  1.6
Translocations | 1 |  1.6
Transmutations | 1 |  1.6
Fire Magic     | 1 |  1.6
Air Magic      | 1 |  1.6
Earth Magic    | 1 |  1.6
Fighting       | 3 |  3.3
Shields        | 3 |  3.3
Evocations     | 3 |  3.3
Crossbows      | 5 |  5.0
Ice Magic      | |  7.3

Action                   |  1- 3 |  4- 6 || total
-------------------------+-------+-------++-------
Melee: Dagger            |    85 |     7 ||    92
       Bite              |     9 |       ||     9
       Hand axe          |       |     6 ||     6
 Fire: Hunting sling     |    15 |   126 ||   141
 Cast: Freeze            |    17 |    46 ||    63
  Use: Potion            |       |     1 ||     1
 Stab: Sleeping          |     1 |       ||     1
Armor: Robe              |    12 |     1 ||    13
       Ring mail         |       |    17 ||    17
Dodge: Dodged            |    57 |    54 ||   111

Table legend: (Time is in decaauts)
 A = Elapsed time spent in this place.
 B = Non-inter-level travel time spent in this place.
 C = Inter-level travel time spent in this place.
 D = Time resting spent in this place.
 E = Time spent auto-exploring this place.
 F = Levels seen in this place.
 G = Mean time per level.
                   A        B        C        D        E       F      G
               +--------+--------+--------+--------+--------+-----+--------+
         Total |   3887 |   3658 |    229 |     34 |   2475 |   5 |  777.4 |
       Dungeon |   3709 |   3498 |    211 |     34 |   2320 |   4 |  927.2 |
        Temple |    177 |    159 |     18 |      0 |    155 |   1 |  177.0 |
               +--------+--------+--------+--------+--------+-----+--------+

Top non-repeatable levels by time:
     D:1: 1597 daAuts
     D:2: 1064 daAuts
     D:3: 769 daAuts
     D:4: 278 daAuts
  Temple: 177 daAuts
